 Dungeon Crawl Stone Soup version 0.24-a0-463-g3510def36b (webtiles) character file.

Game seed: 10038324674108640652

1 vurker the Caller (level 1, -1/13 HPs)
             Began as a Gnoll Summoner on July 2, 2019.
             Slain by a jackal (2 damage)
             ... on level 1 of the Dungeon.
             The game lasted 00:00:19 (132 turns).

vurker the Caller (Gnoll Summoner)                   Turns: 132, Time: 00:00:19

Health: -1/13      AC:  2    Str: 10    XL:     1   Next: 20%
Magic:  4/6        EV: 14    Int: 17    God:
Gold:   0          SH:  0    Dex: 15    Spells: 8/9 levels left

rFire    . . .     SeeInvis .   (no weapon)
rCold    . . .     Gourm    .   (no shield)
rNeg     . . .     Faith    .   a - +0 robe
rPois    .         Spirit   .   (no helmet)
rElec    .         Reflect  .   (no cloak)
rCorr    .         Harm     .   (no gloves)
MR       .....                  (no boots)
Stlth    +++.......             (no amulet)
HPRegen  0.04/turn              (no ring)
MPRegen  0.10/turn              (no ring)

@: no status effects
A: distributed training, fangs 1, strong nose
a: no special abilities


You were on level 1 of the Dungeon.
You were not hungry.

You visited 1 branch of the dungeon, and saw 1 of its levels.

Inventory:

Armour
 a - a +0 robe (worn)
Scrolls
 b - a scroll of teleportation {unknown}
Comestibles
 e - a ration {!d}


   Skills:
 + Level 0.0 Fighting
 + Level 0.0 Short Blades
 + Level 0.0 Long Blades
 + Level 0.0 Axes
 + Level 0.0 Maces & Flails
 + Level 0.0 Polearms
 + Level 0.0 Staves
 + Level 0.0 Slings
 + Level 0.0 Bows
 + Level 0.0 Crossbows
 + Level 0.0 Throwing
 + Level 0.0 Armour
 + Level 4.4 Dodging
 + Level 4.0 Stealth
 + Level 0.0 Shields
 + Level 0.0 Unarmed Combat
 + Level 4.8 Spellcasting
 + Level 0.0 Conjurations
 + Level 0.0 Hexes
 + Level 0.0 Charms
 + Level 7.0 Summonings
 + Level 0.0 Necromancy
 + Level 0.0 Translocations
 + Level 0.0 Transmutations
 + Level 0.0 Fire Magic
 + Level 0.0 Ice Magic
 + Level 0.0 Air Magic
 + Level 0.0 Earth Magic
 + Level 0.0 Poison Magic
 + Level 0.0 Invocations
 + Level 0.0 Evocations


You had 8 spell levels left.
You knew the following spells:

 Your Spells              Type           Power        Failure   Level  Hunger
a - Summon Small Mammal   Summ           ####         1%          1    None

Your spell library contained the following spells:

 Spells                   Type           Power        Failure   Level  Hunger
 Call Imp                 Summ           ####....     1%          2    #......
 Call Canine Familiar     Summ           ####....     2%          3    ###....
 Summon Guardian Golem    Hex/Summ       ###.....     11%         3    ###....
 Summon Ice Beast         Ice/Summ       ###.....     34%         4    ####...
 Summon Lightning Spire   Summ/Air       ###.....     34%         4    ####...


Dungeon Overview and Level Annotations

Branches:
Dungeon (1/15)

Altars:


Innate Abilities, Weirdness & Mutations

Your experience applies equally to all skills.
You have very sharp teeth.
Your uncanny sense of smell can sniff out nearby items.


Message History

Your quokka bites the frilled lizard.
The frilled lizard dies!
The jackal closely misses you.
The jackal bites you but does no damage.
The jackal misses you.
The jackal bites your quokka but does no damage.
The kobold hits you with a +0 dagger.
You barely miss the kobold. The jackal bites you. The jackal misses you.
Your quokka bites the jackal.
The jackal closely misses your quokka.
Your quokka barely misses the jackal.
The kobold barely misses you.
You hit the jackal.
The jackal bites you but does no damage.
The jackal barely misses you.
Your quokka bites the jackal.
The jackal dies!
The jackal bites you.
* * * LOW HITPOINT WARNING * * *
Your quokka closely misses the jackal.
The jackal bites you.
* * * LOW HITPOINT WARNING * * *
The jackal barely misses you. The kobold hits you with a +0 dagger.
* * * LOW HITPOINT WARNING * * *
You swap places.
The jackal bites your quokka.
Your quokka misses the jackal. The jackal closely misses your quokka.
The jackal closely misses you.
Your quokka completely misses the jackal.
The kobold throws a stone.
The stone closely misses your quokka. The stone hits you but does no damage.
The jackal barely misses your quokka.
You see here a stone.
Unknown command.
Your quokka barely misses the jackal.
The jackal barely misses you. The jackal bites your quokka.
Your quokka dies!
Your quokka's corpse disappears in a puff of smoke!
Your quokka bites the jackal.
The jackal barely misses your quokka.
Your quokka completely misses the jackal.
The jackal bites your quokka.
Your quokka closely misses the jackal.
Your rat misses the jackal.
You swap places.
The jackal closely misses your rat.
The jackal bites you but does no damage.
The jackal bites your quokka.
Your quokka barely misses the jackal.
The kobold barely misses your rat.
Your rat barely misses the jackal.
The jackal bites your rat.
You hit the jackal. The jackal bites you.
* * * LOW HITPOINT WARNING * * *
The jackal bites your quokka.
Your quokka closely misses the jackal.
The jackal bites your rat.
Your rat dies!
Your rat's corpse disappears in a puff of smoke!
The jackal closely misses you.
The jackal bites your quokka but does no damage.
You hit the jackal. The jackal bites you.
You die...

+## # ...# # #.### ## #
#...#### #. #. #......###
##. #.. #........## #.#
#...##..h......## ###
#.......K@?.....# ##.
#.$....(h.......## ##..
##..rh...........####+#...
#...#............(.#....#
#...#...........#....#..#
### #..........#######...
##.........# # ##..
#........## #. ##.
#.......## #. ##


You could see 3 jackals, a kobold and a friendly quokka.

Vanquished Creatures (collateral kills)
  A jackal (D:1)
  A frilled lizard (D:1)
2 creatures vanquished.

Notes
Turn   | Place    | Note
-------+----------+-------------------------------------------
     0 | D:1      | vurker the Gnoll Summoner began the quest for the Orb.
     0 | D:1      | Reached XP level 1. HP: 13/13 MP: 6/6
   132 | D:1      | Slain by a jackal

Levels and vault maps discovered:
D:1:      dpeg_cavernosity, layout_basic, minivault_23

Action                   || total
-------------------------++-------
Melee: Unarmed           ||     6
 Cast: Summon Small Mamm ||     3
Armor: Robe              ||     4
Dodge: Dodged            ||    10

Table legend:
 A = Non-vault XP
 B = Vault XP
 C = Vault XP percentage of total XP
 D = Non-vault monster count
 E = Vault monster count
 F = Vault count percentage of total count
                 A         B        C        D         E       F
            +---------+---------+-------+---------+---------+-------
      Total |       2 |       0 |   0.0 |       2 |       0 |   0.0
            +---------+---------+-------+---------+---------+-------
        D:1 |       2 |       0 |   0.0 |       2 |       0 |   0.0
            +---------+---------+-------+---------+---------+-------
